 Dungeon Sprint DCSS version 0.19-a0-607-g42021f0 (webtiles) character file.

438 georgeearnest the Nimble (level 6, -1/51 HPs)
             Began as a Demonspawn Gladiator on June 12, 2016.
             Was an Initiate of Uskayaw.
             Succumbed to Sonja's curare-tipped needle
             ... in the Dungeon (Sprint I: "Red Sonja").
             The game lasted 00:02:04 (551 turns).

georgeearnest the Nimble (Demonspawn Gladiator)      Turns: 551, Time: 00:02:04

Health: -1/51      AC:  3    Str: 17    XL:     6   Next: 69%
Magic:  0/6        EV: 16    Int: 10    God:    Uskayaw [......]
Gold:   162        SH:  0    Dex: 13    Spells: 0 memorised, 5 levels left

rFire  . . .     SeeInvis .     a - +0 trident
rCold  + . .     Gourm    .     b - +0 leather armour
rNeg   . . .     Faith    .     (no shield)
rPois  .         Spirit   +     (helmet restricted)
rElec  .         Dismiss  .     (no cloak)
rCorr  .         Reflect  .     (no gloves)
SustAt .         Harm     .     (no boots)
MR     .....     NoTele   +     (no amulet)
Stlth  +.........               (no ring)
                                (no ring)

@: lethally poisoned (-1 -> -10), slowed, very slow, not resistant to hostile
enchantments, very unstealthy
A: horns 2, cold resistance 1, magic shield
a: Renounce Religion


You were in the Dungeon.
You worshipped Uskayaw.
Uskayaw was noncommittal.
You were not hungry.

You visited 1 branch You collected 162 gold pieces.

Inventory:

Hand Weapons
 a - a +0 trident (weapon)
 d - a +0 scythe
Armour
 b - a +0 leather armour (worn)
 c - a +0 helmet
Wands
 l - a wand of random effects (25/48)
Scrolls
 k - a scroll of blinking
Potions
 h - a potion of haste
 i - 2 potions of magic
 j - a potion of berserk rage
 n - a potion of flight {unknown}
Comestibles
 f - a bread ration


   Skills:
 + Level 5.1 Fighting
 + Level 8.2 Polearms
 + Level 4.3 Throwing
 + Level 3.4 Armour
 + Level 8.6 Dodging
 + Level 0.6 Stealth


You had 5 spell levels left.
You didn't know any spells.

Dungeon Overview and Level Annotations

Branches:
Dungeon (1/1)

Altars:
Elyvilon
Gozag
Hepliaklqana
Kikubaaqudgha
Makhleb
Nemelex Xobeh
Okawaru
Pakellas
Qazlal
Ru
Sif Muna
Trog
Uskayaw
Vehumet
Xom
Yredelemnul
Zin
The Shining One

Shops:
D *

Annotations:
D Sonja


Innate Abilities, Weirdness & Mutations

You have a pair of horns on your head.
Your flesh is cold resistant. (rC+)
When hurt, damage is shared between your health and your magic reserves.


Message History

Sonja gestures wildly while chanting.
Sonja blinks!
Things that are here:
a curare-tipped needle; 27 gold pieces You feel better.
Sonja bows elegantly.
Sonja shoots a curare-tipped needle.
The curare-tipped needle hits you.
You are poisoned.
You have difficulty breathing.
You feel as though you will be slow longer.
Sonja zaps a wand.
The bolt of lightning hits you!
* * * LOW HITPOINT WARNING * * *
It is a wand of lightning.
You feel much better.
You feel sick.
Sonja zaps a wand.
The bolt of lightning hits you!
* * * LOW HITPOINT WARNING * * *
Sonja zaps a wand.
The bolt of lightning hits you!
* * * LOW HITPOINT WARNING * * *
Unknown command.
You die...

#..#####'#####'#
#..####..# #(#
#..#__#### ##.#
#..#_____##+#..+
#⌠⌠#_.∩..†'((K_#
####_._._##_.#+#
#_____###(#
#########.##


+(@$+ #(.$# ##.## #+# You could see Sonja.

Vanquished Creatures
  Sigmund (D)
  A yak (D)
  An ogre (D)
  A jelly (D)
  Ijyb (D)
5 creatures vanquished.

Notes
Turn   | Place    | Note
--------------------------------------------------------------
     0 | D        | georgeearnest the Demonspawn Gladiator began the quest for the Orb.
     0 | D        | Reached XP level 1. HP: 16/16 MP: 1/1
     2 | D        | Noticed Ijyb
    10 | D        | Killed Ijyb
    10 | D        | Gained mutation: When hurt, damage is shared between your health and your magic reserves. [demonic ancestry]
    10 | D        | Reached XP level 2. HP: 19/23 MP: 2/2
    62 | D        | Noticed an ogre
    72 | D        | Killed an ogre
    72 | D        | Reached skill level 5 in Polearms
    72 | D        | Reached skill level 1 in Armour
    72 | D        | Gained mutation: You have a pair of small horns on your head. [demonic ancestry]
    72 | D        | Reached XP level 3. HP: 11/29 MP: 0/3
    72 | D        | Gained mutation: You have a pair of horns on your head. [demonic ancestry]
    72 | D        | Reached XP level 4. HP: 13/35 MP: 0/4
   269 | D        | Noticed Sigmund
   291 | D        | Killed Sigmund
   291 | D        | Gained mutation: Your flesh is cold resistant. (rC+) [demonic ancestry]
   291 | D        | Reached XP level 5. HP: 30/43 MP: 2/5
   291 | D        | Reached XP level 6. HP: 34/49 MP: 2/6
   401 | D        | Found a deep blue altar of Sif Muna.
   403 | D        | Found a radiant altar of Vehumet.
   427 | D        | Found Kyerchigh's Assorted Antiques.
   427 | D        | Found a white marble altar of Elyvilon.
   427 | D        | Found a stormy altar of Qazlal.
   427 | D        | Found a burning altar of Makhleb.
   427 | D        | Found a sacrificial altar of Ru.
   427 | D        | Found a hazy altar of Hepliaklqana.
   427 | D        | Found an oddly glowing altar of Pakellas.
   427 | D        | Found a hide-covered altar of Uskayaw.
   427 | D        | Found a basalt altar of Yredelemnul.
   427 | D        | Found a glowing golden altar of the Shining One.
   427 | D        | Found a sparkling altar of Nemelex Xobeh.
   427 | D        | Found a shimmering altar of Xom.
   427 | D        | Found an opulent altar of Gozag.
   427 | D        | Found an ancient bone altar of Kikubaaqudgha.
   427 | D        | Found a glowing silver altar of Zin.
   427 | D        | Noticed a yak
   428 | D        | Found an iron altar of Okawaru.
   435 | D        | Killed a yak
   435 | D        | Reached skill level 5 in Fighting
   436 | D        | Found a bloodstained altar of Trog.
   533 | D        | Became a worshipper of Uskayaw the Reveler
   543 | D        | Noticed Sonja
   550 | D        | HP: 1/51 [Sonja/wand of lightning (14)]
   551 | D        | Succumbed to Sonja's curare-tipped needle

Vault maps used:
D:        dungeon_sprint_1

Skill      XL: |  1  2  3  4  5  6 |
---------------+-------------------+-----
Polearms       | 4 5 7 8 |  8.2
Throwing       | 2 3 4 |  4.3
Dodging        | 4 6 7 8 |  8.6
Fighting       | 3 4 5 |  5.1
Armour         | 1 2 3 |  3.4
Stealth        | |  0.6

Action                   |  1- 3 |  4- 6 || total
-------------------------+-------+-------++-------
Melee: Trident           |    14 |    22 ||    36
       Headbutt          |       |     5 ||     5
Throw: Throwing net      |     1 |     5 ||     6
  Use: Potion            |       |     2 ||     2
Armor: Leather armour    |     3 |     1 ||     4
Dodge: Dodged            |     6 |    15 ||    21
